[Event "*** Qualifier 3: Titled Tuesday 3|2 Blitz"]
[Site "Chess.com"]
[Date "2017.04.18"]
[Round "9"]
[White "GianmarcoVaR"]
[Black "PelinGorki"]
[Result "1-0"]
[WhiteElo "2478"]
[BlackElo "2369"]
[TimeControl "180+2"]
[EndTime "14:56:10 PDT"]
[Termination "GianmarcoVaR won by resignation"]

1. d4 d6 2. Nf3 Nf6 3. g3 c6 4.
Bg2 Bg4 5. O-O Nbd7 6. c4 e5 7. Nc3 Be7 8. d5 O-O 9. h3 Bxf3 10. Bxf3 Qc7 11. e4 a6 12. Be3 b5 13.
dxc6 Qxc6 14. cxb5 axb5 15. a3 Nb6 16. Qb3 Ra5 17. Rfd1 Nc4 18. Bg5 Rb8 19. Rac1 Qa6 20. h4 h6 21. Bxf6 Bxf6 22. Be2 Rc8 23. Nd5 Ra4 24.
Nxf6+ gxf6 25. Qf3 Kg7 26. b3 Rxa3 27. Qg4+ Kh8 28.
bxc4 Rg8 29. Qf5 d5 30. cxd5 Qb6 31. Kf1 Raxg3 32. fxg3 Rxg3 33. Qf2 1-0

[Event "*** Qualifier 3: Titled Tuesday 3|2 Blitz"]
[Site "Chess.com"]
[Date "2017.04.18"]
[Round "9"]
[White "Grootneus"]
[Black "FearNoEvil12"]
[Result "0-1"]
[WhiteElo "2084"]
[BlackElo "2123"]
[TimeControl "180+2"]
[EndTime "14:56:26 PDT"]
[Termination "FearNoEvil12 won by resignation"]

1. e4 a6 2. d4 b5 3. a4 b4 4. Nf3 Bb7 5. Bd3 e6 6. O-O Nf6 7. Bg5 h6 8. Bh4 g5 9. Bg3 d6 10. e5 Nd5 11. c4 bxc3 12. Nxc3 Nxc3 13. bxc3 h5 14. h4 gxh4 15. Nxh4 Be7 16. Nf3 Nd7 17. Re1 h4 18. Bf4 h3 19. g3 h2+ 20. Nxh2 Bg5 21. Qg4 Bxf4 22. Qxf4 dxe5 23. dxe5 Nc5 24. Bf1 Qd5 25.
f3 O-O-O 26. Rab1 Nd3 27. Bxd3 Qxd3 28. Qb4 Bd5 29. Rbd1 Qc2 30. c4 Qxh2+ 0-1

[Event "*** Qualifier 3: Titled Tuesday 3|2 Blitz"]
[Site "Chess.com"]
[Date "2017.04.18"]
[Round "9"]
[White "Bugcrusher"]
[Black "MateusViageiro"]
[Result "1-0"]
[WhiteElo "2476"]
[BlackElo "2294"]
[TimeControl "180+2"]
[EndTime "14:57:31 PDT"]
[Termination "Bugcrusher won by resignation"]

1. d4 Nf6 2. c4 e6 3. Nf3 b6 4. a3 Bb7 5. Nc3 d5 6. Bg5 Nbd7 7. Qa4 c6 8. cxd5 exd5 9. g3 b5 10.
Qc2 Be7 11. Bh3 O-O 12. Rd1 Nb6 13. Ne5 Nc4 14. O-O Nxe5 15. dxe5 Nd7 16. Bxe7 Qxe7 17.
Bxd7 Qxd7 18. Ne4 Qe7 19. Nd6 Rab8 20. f4 Ba8 21. Qc5 Rfd8 22. e4 dxe4 23. Nxe4 Qc7 24.
Rd6 Qb6 25. Rfd1 Rxd6 26. Rxd6 Qa5 27. Qb4 Qb6+ 28. Qd4 Qa5 29. b4 Qb6 30. Nc5 a5 31. e6 fxe6 32. Rd7 1-0

[Event "*** Qualifier 3: Titled Tuesday 3|2 Blitz"]
[Site "Chess.com"]
[Date "2017.04.18"]
[Round "9"]
[White "saraswathii"]
[Black "stefanodinn"]
[Result "1-0"]
[WhiteElo "2225"]
[BlackElo "2180"]
[TimeControl "180+2"]
[EndTime "14:57:32 PDT"]
[Termination "saraswathii won on time"]

1. e4 e5 2. d3 Nc6 3. Nf3 Nf6 4.
g3 d5 5. exd5 Nxd5 6. Bg2 Be7 7.
O-O O-O 8. h3 Be6 9. Re1 Bf6 10.
Nbd2 Qd7 11. Kh2 Nb6 12. Ne4 Be7 13. g4 f5 14. gxf5 Bxf5 15. Ng3 Be6 16. Nxe5 Nxe5 17. Rxe5 Rxf2 18. Qe1 Rf6 19. Bg5 Rg6 20. Bxe7 Qxe7 21. Be4 Rf6 22. Nh5 Rh6 23. Nf4 1-0

[Event "*** Qualifier 3: Titled Tuesday 3|2 Blitz"]
[Site "Chess.com"]
[Date "2017.04.18"]
[Round "9"]
[White "Rogue_King"]
[Black "ABDELAZEEZ-M"]
[Result "1-0"]
[WhiteElo "2123"]
[BlackElo "2105"]
[TimeControl "180+2"]
[EndTime "14:57:46 PDT"]
[Termination "Rogue_King won by checkmate"]

1. d4 d5 2. c4 e6 3. Nc3 Nf6 4.
cxd5 exd5 5. Bg5 Be7 6. e3 c6 7.
Qc2 O-O 8. Bd3 Nbd7 9. Nge2 Re8 10. O-O Nf8 11. Bh4 g6 12. f3 Ne6 13. Bf2 Ng7 14. Rad1 Nf5 15. Kh1 Bd6 16. Bg1 Nxe3 17. Bxe3 Rxe3 18. g4 Bxg4 19. fxg4 Nxg4 20. Nf4 Qh4 21.
Qg2 Rae8 22. Nce2 Rh3 23. Qxh3 Nf2+ 24. Rxf2 Qxf2 25. Qg2 Qh4 26. Qg3 Qe7 27. Rg1 Kh8 28. Qh3 Qf6 29. Bxg6 fxg6 30. Nxg6+ Kg7 31. Nf8+ Kf7 32.
Qxh7+ Kxf8 33. Rg8# 1-0

[Event "*** Qualifier 3: Titled Tuesday 3|2 Blitz"]
[Site "Chess.com"]
[Date "2017.04.18"]
[Round "9"]
[White "DavidMarkosyan"]
[Black "rasmussvane"]
[Result "1/2-1/2"]
[WhiteElo "2341"]
[BlackElo "2516"]
[TimeControl "180+2"]
[EndTime "14:57:57 PDT"]
[Termination "Game drawn by repetition"]

1. e4 c6 2. d4 d5 3. Nd2 dxe4 4. Nxe4 Bf5 5. Ng3 Bg6 6. h4 h6 7.
Nf3 e6 8. Ne5 Bh7 9. Bc4 Nd7 10.
Qe2 Nxe5 11. dxe5 Ne7 12. Bd2 Qc7 13. f4 Nf5 14. Nxf5 Bxf5 15. g4 Bxc2 16. Bc3 Bh7 17. O-O-O Be7 18. f5 O-O 19. fxe6 fxe6 20. Bxe6+ Kh8 21.
Rd7 Qb6 22. Rxe7 Rf2 23. Qd1 Rd8 24. Rd7 Qe3+ 25. Bd2 Qc5+ 26. Bc3 Qe3+ 27. Bd2 Qc5+ 28. Bc3 Qe3+ 29. Bd2 Qc5+ 30. Bc3 Qe3+ 31. Bd2 Qc5+ 32. Bc3 Qe3+ 1/2-1/2

[Event "*** Qualifier 3: Titled Tuesday 3|2 Blitz"]
[Site "Chess.com"]
[Date "2017.04.18"]
[Round "9"]
[White "dhanushbharadwaj"]
[Black "XiaoKangZhong"]
[Result "0-1"]
[WhiteElo "2412"]
[BlackElo "2001"]
[TimeControl "180+2"]
[EndTime "14:58:00 PDT"]
[Termination "XiaoKangZhong won by checkmate"]

1. b3 g6 2. Bb2 Nf6 3. e4 Bg7 4.
Nf3 O-O 5. Nc3 c6 6. e5 Nd5 7. Nxd5 cxd5 8. d4 e6 9. c4 dxc4 10. Bxc4 d5 11. Bb5 Qa5+ 12. Qd2 Qxb5 13. Rc1 Nd7 14. Ba3 Re8 15. Qe2 Qxe2+ 16. Kxe2 Nb6 17. Rc7 Bd7 18. Rxb7 Bc6 19. Rc7 Rec8 20. Rxc8+ Rxc8 21.
Rc1 Bb7 22. Bc5 Nd7 23. b4 Nxc5 24. dxc5 a6 25. a4 Bc6 26. Nd4 Bxa4 27. Ra1 Bb5+ 28. Nxb5 axb5 29. f4 g5 30. g3 gxf4 31. gxf4 f6 32. Ra6 fxe5 33. fxe5 Bxe5 34. Rb6 Kf7 35. Rxb5 Rb8 36. Ra5 Rxb4 37. Ra7+ Kg6 38. Re7 Re4+ 39.
Kd3 Bf6 40. Rd7 Rc4 41. Rc7 Bd4 42. c6 Be5 43. Rc8 Kf7 44. h3 Ke7 45. Ke3 Rc3+ 46.
Kf2 d4 47. Ke2 Bd6 48. Kd2 e5 49. Ke2 e4 50. Kd2 Be5 51. Ke2 d3+ 52. Kd2 Rc2+ 53. Kd1 Bf4 54. c7 Rc1# 0-1

[Event "*** Qualifier 3: Titled Tuesday 3|2 Blitz"]
[Site "Chess.com"]
[Date "2017.04.18"]
[Round "9"]
[White "Kubas1010"]
[Black "Fandorine"]
[Result "0-1"]
[WhiteElo "2410"]
[BlackElo "2685"]
[TimeControl "180+2"]
[EndTime "14:58:02 PDT"]
[Termination "Fandorine won by resignation"]

1. d4 Nf6 2. c4 g6 3. Nc3 Bg7 4.
e4 O-O 5. Nf3 d6 6. h3 e5 7. d5 Nh5 8. g3 Na6 9. Be3 Qe8 10. Be2 f5 11. exf5 gxf5 12. Nh4 Nf6 13. Qc2 Nb4 14. Qb1 e4 15. Ng2 c6 16. a3 Na6 17.
Nf4 Nc5 18. Qc2 cxd5 19. cxd5 Bd7 20. O-O Rc8 21. Bd4 a5 22. b4 Na4 23. Qd2 Nxc3 24.
Bxc3 e3 25. Qd4 exf2+ 26. Kh2 Rxc3 27. Qxc3 Ng4+ 28. hxg4 Bxc3 29. Rac1 Bd2 30. Rc2 Bxf4 31. gxf4 Qe4 0-1

[Event "*** Qualifier 3: Titled Tuesday 3|2 Blitz"]
[Site "Chess.com"]
[Date "2017.04.18"]
[Round "9"]
[White "NMJeevanK"]
[Black "GulamaliRises"]
[Result "0-1"]
[WhiteElo "2219"]
[BlackElo "2465"]
[TimeControl "180+2"]
[EndTime "14:58:15 PDT"]
[Termination "GulamaliRises won by checkmate"]

1. e4 d6 2. d4 Nf6 3. Nd2 g6 4.
Bd3 Bg7 5. h3 O-O 6. Ngf3 Nc6 7.
c3 e5 8. O-O Re8 9. Re1 Bd7 10.
a3 Nh5 11. Nf1 Nf4 12. Bxf4 exf4 13. Qb3 Na5 14. Qb4 c5 15. dxc5 dxc5 16. Qxc5 Nb3 17.
Qb4 Nxa1 18. Rxa1 Bxh3 19. Rd1 Be6 20. Qa4 Qb6 21. b4 Bxc3 22. Rc1 Bd4 23. Rc2 Red8 24. Ne1 Rac8 25. Re2 Bg4 26. Nf3 Bxf3 27. gxf3 Bxf2+ 28.
Rxf2 Rxd3 29. Kg2 Qf6 30. Qb5 Rd1 31. Qxb7 Rcc1 32. Qb5 Qh4 33. Qb8+ Kg7 34. Qe5+ Kh6 35. Qb5 Rxf1 36. Rxf1 Rc2+ 37. Kg1 Qh2# 0-1

[Event "*** Qualifier 3: Titled Tuesday 3|2 Blitz"]
[Site "Chess.com"]
[Date "2017.04.18"]
[Round "9"]
[White "DiogenesSinopeus"]
[Black "Enzy63"]
[Result "1-0"]
[WhiteElo "2274"]
[BlackElo "1997"]
[TimeControl "180+2"]
[EndTime "14:58:15 PDT"]
[Termination "DiogenesSinopeus won on time"]

1. d4 Nf6 2. c4 g6 3. Nc3 Bg7 4. e4 d6 5. Nf3 O-O 6. Be2 Nbd7 7. Bg5 h6 8. Bh4 e5 9. d5 a5 10. Nd2 Nc5 11. Qc2 Bd7 12. O-O Qe8 13. b3 Nh7 14. f3 h5 15. Bf2 Bh6 16. Rfb1 f5 17. a3 Nf6 18. Bd3 Bxd2 19. Qxd2 Nxd3 20.
Qxd3 fxe4 21. fxe4 Ng4 22. Rf1 Qe7 23. h3 Nxf2 24. Rxf2 Rxf2 25. Kxf2 Rf8+ 26. Kg1 Qg5 27. b4 axb4 28. axb4 h4 29. c5 Rf4 30. c6 bxc6 31.
dxc6 Be6 32. Nd5 Bxd5 33. Qxd5+ Rf7 34. Rf1 Qe3+ 35. Kh1 1-0

[Event "*** Qualifier 3: Titled Tuesday 3|2 Blitz"]
[Site "Chess.com"]
[Date "2017.04.18"]
[Round "9"]
[White "amazingoid"]
[Black "Cryptochess"]
[Result "0-1"]
[WhiteElo "2395"]
[BlackElo "2480"]
[TimeControl "180+2"]
[EndTime "14:58:16 PDT"]
[Termination "Cryptochess won on time"]

1. e4 d6 2. d4 Nf6 3. Nc3 g6 4.
Nf3 Bg7 5. Bg5 h6 6. Bf4 O-O 7. Qd2 Kh7 8. O-O-O Nc6 9. h3 Nd7 10. Be3 e5 11. dxe5 Ndxe5 12. Nxe5 Nxe5 13. f4 Nc6 14. g4 Re8 15. f5 Qf6 16. Bd3 Bd7 17. h4 Qe5 18. Bf4 Qa5 19. fxg6+ fxg6 20. h5 g5 21.
e5+ Kh8 22. Bg3 Nxe5 23. Bg6 Nc4 24. Qd5 Qb4 0-1

[Event "*** Qualifier 3: Titled Tuesday 3|2 Blitz"]
[Site "Chess.com"]
[Date "2017.04.18"]
[Round "9"]
[White "the_drake"]
[Black "mwpchess"]
[Result "0-1"]
[WhiteElo "2192"]
[BlackElo "2399"]
[TimeControl "180+2"]
[EndTime "14:58:27 PDT"]
[Termination "mwpchess won by resignation"]

1. e4 c6 2. d4 d5 3. Nd2 dxe4 4.
Nxe4 Bf5 5. Nc5 e5 6. Nxb7 Qb6 7.
Nc5 exd4 8. Nb3 Bb4+ 9. Bd2 Nf6 10. a3 Bxd2+ 11. Qxd2 c5 12. Nf3 O-O 13. Be2 Nc6 14. O-O a5 15. Bd3 Be6 16. Qg5 Bxb3 17. cxb3 Qxb3 18. Rad1 c4 19. Bf5 d3 20. Nh4 Ne7 21.
Rfe1 Ng6 22. Bxg6 hxg6 23. Rb1 a4 24. Re7 Rfe8 25. Rc7 Rac8 26. Ra7 Qb6 27. Rxa4 c3 28.
Rb4 c2 29. Rc1 Qd6 30. Nf3 Ne4 31. Rxe4 Rxe4 32. Kf1 Rce8 33. g3 Re2 34. Nd2 Qd4 0-1

[Event "*** Qualifier 3: Titled Tuesday 3|2 Blitz"]
[Site "Chess.com"]
[Date "2017.04.18"]
[Round "9"]
[White "chesstatour"]
[Black "Robin-Side"]
[Result "0-1"]
[WhiteElo "1956"]
[BlackElo "2299"]
[TimeControl "180+2"]
[EndTime "14:58:42 PDT"]
[Termination "Robin-Side won on time"]

1. e4 c5 2. Nf3 Nc6 3. d4 cxd4 4.
Nxd4 e5 5. Nb3 Nf6 6. Nc3 Bb4 7. f3 d5 8. exd5 Nxd5 9. Bd2 Bxc3 10. bxc3 Be6 11.
Bd3 O-O 12. Qe2 Qb6 13. Qf2 Qxf2+ 14. Kxf2 b6 15. a4 Nf4 16. Ba6 Rad8 17. Rad1 Bf5 18.
Bxf4 exf4 19. Bd3 Be6 20. Be4 Ne5 21. Nd4 Bc4 22. h4 g6 23. Ne2 f5 24. Rxd8 Rxd8 25. Bb7 Rd2 26. Re1 Rxc2 27. g3 Nd3+ 0-1

[Event "*** Qualifier 3: Titled Tuesday 3|2 Blitz"]
[Site "Chess.com"]
[Date "2017.04.18"]
[Round "9"]
[White "Cayse"]
[Black "Yaacovn"]
[Result "0-1"]
[WhiteElo "2628"]
[BlackElo "2616"]
[TimeControl "180+2"]
[EndTime "14:59:05 PDT"]
[Termination "Yaacovn won on time"]

1. e4 c6 2. d4 d5 3. e5 Bf5 4.
Nf3 e6 5. Be2 Ne7 6. O-O Bg6 7.
Nbd2 Nf5 8. Nb3 a6 9. Bd2 Nd7 10. c4 dxc4 11. Na5 b5 12. Nxc6 Qc7 13. Na5 c3 14.
Bxc3 b4 15. Qa4 bxc3 16. bxc3 Qxc3 17. Rab1 Nxd4 18. Nxd4 Bxb1 19. Rxb1 Bc5 20. Nab3 O-O 21. Bf3 Rab8 22. Qxd7 Rbd8 23. Qa4 Bxd4 24. Nxd4 Qxd4 25. Qxa6 Qxe5 26. a4 g6 27. h3 Rd2 28. Qb6 Ra2 29. Qb3 Ra1 30. Rxa1 Qxa1+ 31. Kh2 Rc8 32. Qb7 Rc1 33.
Qa8+ Kg7 34. Qe4 h5 35. h4 Rh1+ 36. Kg3 Qf6 37. a5 Ra1 0-1

[Event "*** Qualifier 3: Titled Tuesday 3|2 Blitz"]
[Site "Chess.com"]
[Date "2017.04.18"]
[Round "9"]
[White "andreimacovei2000"]
[Black "grzechu96"]
[Result "0-1"]
[WhiteElo "2383"]
[BlackElo "2395"]
[TimeControl "180+2"]
[EndTime "14:59:09 PDT"]
[Termination "grzechu96 won by resignation"]

1. e4 c5 2. Nf3 d6 3. d4 cxd4 4.
Nxd4 Nf6 5. Nc3 a6 6. f3 e6 7. Be3 b5 8. Qd2 Bb7 9. a4 b4 10. Na2 d5 11. e5 Nfd7 12. f4 Nc5 13. Bd3 a5 14. b3 g6 15. O-O Be7 16. Nc1 Nbd7 17.
Nce2 O-O 18. Rae1 Ba6 19. Nc1 Ne4 20. Qe2 Ndc5 21. Nc6 Qc7 22. Nxe7+ Qxe7 23. Bd4 Rfc8 24. Kh1 Nxd3 25. cxd3 Nc5 26. Qe3 Rc6 27. Rf3 Rac8 28. Rh3 Nd7 29. Ne2 Rc2 30. Ng1 Nc5 31. f5 Qf8 32. Bxc5 R8xc5 33. f6 R5c3 34. Rd1 d4 35.
Qxd4 Bb7 36. Nf3 Rxb3 37. Qh4 h6 38. Rg3 Rbb2 39. Qe4 Bxe4 0-1

[Event "*** Qualifier 3: Titled Tuesday 3|2 Blitz"]
[Site "Chess.com"]
[Date "2017.04.18"]
[Round "9"]
[White "Marcus_Harvey"]
[Black "djano"]
[Result "0-1"]
[WhiteElo "2513"]
[BlackElo "2419"]
[TimeControl "180+2"]
[EndTime "14:59:13 PDT"]
[Termination "djano won by resignation"]

1. d4 f5 2. Nf3 Nf6 3. g3 e6 4. Bg2 d5 5. O-O Bd6 6. c4 c6 7. b3 Qe7 8. Bf4 O-O 9. Bxd6 Qxd6 10.
Nbd2 Nbd7 11. Qc2 a5 12. e3 Ne4 13. Nxe4 fxe4 14. Nd2 Nf6 15. h3 Bd7 16. Kh2 Kh8 17. f4 exf3 18. Nxf3 a4 19. c5 Qe7 20. b4 Be8 21.
Ne5 a3 22. Rf2 Nd7 23. Nxd7 Bxd7 24. Raf1 Rxf2 25. Qxf2 Kg8 26. Qf4 Be8 27. h4 Bg6 28.
Bh3 Re8 29. Qe5 h6 30. h5 Bd3 31. Rf2 Kh8 32. Bxe6 Qxe6 33. Rf8+ Rxf8 34. Qxe6 Rf2+ 35.
Kg1 Rxa2 36. Qc8+ Kh7 37. Qa8 Ra1+ 38. Kg2 a2 39. g4 Be4+ 40. Kg3 Rg1+ 41. Kf4 a1=Q 0-1

[Event "*** Qualifier 3: Titled Tuesday 3|2 Blitz"]
[Site "Chess.com"]
[Date "2017.04.18"]
[Round "9"]
[White "Vamostodorecto"]
[Black "rithwik2002"]
[Result "1-0"]
[WhiteElo "2388"]
[BlackElo "1813"]
[TimeControl "180+2"]
[EndTime "14:59:14 PDT"]
[Termination "Vamostodorecto won by resignation"]

1. d4 Nf6 2. c4 e6 3. Nc3 d5 4.
cxd5 exd5 5. Bg5 Nbd7 6. e3 c6 7. Bd3 Be7 8. Qc2 O-O 9. Nge2 Re8 10. O-O Nf8 11. f3 Be6 12. Kh1 Rc8 13. Rad1 Ng6 14. a3 Nd7 15. Bxe7 Qxe7 16. e4 dxe4 17. fxe4 Rcd8 18. h3 Nf6 19. b4 Nh5 20. d5 Bc8 21. dxc6 bxc6 22. Bc4 Be6 23. Na4 Bxc4 24. Qxc4 Qh4 25.
Qxf7+ Kh8 26. Rxd8 Rxd8 27. Nc5 Ng3+ 28. Nxg3 Qxg3 29.
Ne6 Rg8 30. Qf3 Qe5 31. Nc5 Nh4 32. Qg4 Ng6 33. Rf5 Qa1+ 34. Kh2 Qxa3 35. Rh5 Nf8 36. e5 Qa2 37. e6 Qb2 38. e7 Ng6 39. Rxh7+ 1-0

[Event "*** Qualifier 3: Titled Tuesday 3|2 Blitz"]
[Site "Chess.com"]
[Date "2017.04.18"]
[Round "9"]
[White "ChristopherYoo"]
[Black "Quiet_Desperation"]
[Result "1-0"]
[WhiteElo "2271"]
[BlackElo "2031"]
[TimeControl "180+2"]
[EndTime "14:59:14 PDT"]
[Termination "ChristopherYoo won by resignation"]

1. e4 Nc6 2. Nf3 d6 3. d4 Nf6 4. Nc3 d5 5. e5 Ne4 6. Bd3 Bf5 7. Qe2 Nxc3 8. bxc3 Bg4 9. h3 Bh5 10.
Bf4 e6 11. O-O Be7 12. Qe3 O-O 13. Ng5 Bxg5 14. Bxg5 Qd7 15. g4 Bg6 16. f4 Bxd3 17. cxd3 f6 18. exf6 gxf6 19. Bh6 Rfe8 20. Qg3 Qf7 21.
f5 e5 22. dxe5 Nxe5 23. Rae1 c5 24. g5 Kh8 25. gxf6 Qxf6 26. Bg5 Qd6 27. Re3 d4 28. cxd4 cxd4 29. Re4 Rg8 30. Kh2 Rxg5 31. Qxe5+ Qxe5+ 32. Rxe5 Rc8 33. Rf2 Rf8 34. h4 Rh5 35. Kh3 Rh6 36. Re4 Rhf6 37. Kg4 Rg8+ 38. Kf4 Rxf5+ 39. Kxf5 Rf8+ 40. Kg5 Rxf2 41. Rxd4 Rf7 42. Rd8+ Kg7 43. Rd6 Rc7 44. h5 h6+ 45. Kg4 Kh7 46. d4 Rg7+ 47. Kf4 Rg5 48. Rd7+ Kg8 49. Rxb7 Rxh5 50. Rxa7 Rd5 51. Ke4 Rd6 52. Ke5 Rg6 53. d5 h5 54. d6 h4 55. d7 Rg5+ 56. Kd6 1-0

[Event "*** Qualifier 3: Titled Tuesday 3|2 Blitz"]
[Site "Chess.com"]
[Date "2017.04.18"]
[Round "9"]
[White "matiss90"]
[Black "MartinMatthiesen"]
[Result "1/2-1/2"]
[WhiteElo "2299"]
[BlackElo "2236"]
[TimeControl "180+2"]
[EndTime "14:59:16 PDT"]
[Termination "Game drawn by agreement"]

1. e4 e5 2. Nf3 Nc6 3. d4 exd4 4.
Nxd4 Nf6 5. Nc3 Bb4 6. Nxc6 bxc6 7. Bd3 d5 8. exd5 O-O 9. O-O cxd5 10. Bg5 c6 11. Qf3 Bd6 12. Rfe1 Rb8 13. b3 h6 14. Bxf6 Qxf6 15. Qxf6 gxf6 16. Ne2 c5 17. Ng3 Be6 18.
Rad1 Be5 19. Nf5 Bxf5 20. Bxf5 Rfd8 21. g3 a5 22. f4 Bd4+ 23. Kg2 a4 24. Re7 axb3 25.
axb3 Re8 26. Rde1 Kf8 27. R7e2 Rxe2+ 28. Rxe2 Re8 29. Kf3 Rxe2 30. Kxe2 Ke7 31. h3 Kd6 32. Kf3 Bc3 33. Bd3 Be1 34. Kg4 Ke7 35. Be2 Kf8 36.
Bf3 d4 37. Bd5 Kg7 38. Kf3 f5 39. g4 fxg4+ 40. hxg4 Kf6 41. Ke4 Bd2 42. Bc4 Bc1 43.
Bd3 Bd2 1/2-1/2

[Event "*** Qualifier 3: Titled Tuesday 3|2 Blitz"]
[Site "Chess.com"]
[Date "2017.04.18"]
[Round "9"]
[White "Malev212"]
[Black "iturrizaga"]
[Result "0-1"]
[WhiteElo "2465"]
[BlackElo "2663"]
[TimeControl "180+2"]
[EndTime "14:59:18 PDT"]
[Termination "iturrizaga won on time"]

1. e4 c5 2. Nf3 g6 3. d4 cxd4 4.
Nxd4 Nc6 5. c4 Nf6 6. Nc3 d6 7. Be2 Bg7 8. Be3 O-O 9. O-O Bd7 10. Nb3 a5 11. Qd2 a4 12. Nd4 Qa5 13. Ndb5 Rfc8 14. Rac1 Ne5 15. b3 axb3 16. axb3 Bxb5 17. cxb5 Qb4 18.
Bd4 Qxb3 19. f4 Nc4 20. Bxc4 Rxc4 21. Rb1 Qa3 22. e5 dxe5 23. fxe5 Rd8 24. Ne2 Ne4 25. Qf4 f5 26. exf6 Nxf6 27. Qe5 Qd6 28. Qxd6 Rxd6 29. Bf2 Ne4 30. Be3 Rc2 31. Nf4 Nc3 32. Rbe1 Nxb5 33. Bf2 Bf6 34. h4 Rdd2 0-1

[Event "*** Qualifier 3: Titled Tuesday 3|2 Blitz"]
[Site "Chess.com"]
[Date "2017.04.18"]
[Round "9"]
[White "tigra"]
[Black "Konavets"]
[Result "0-1"]
[WhiteElo "2605"]
[BlackElo "2618"]
[TimeControl "180+2"]
[EndTime "14:59:22 PDT"]
[Termination "Konavets won by resignation"]

1. e4 c5 2. Nf3 d6 3. d4 cxd4 4. Nxd4 Nf6 5. Nc3 a6 6. Bg5 Nbd7 7. Qe2 h6 8. Bh4 Qc7 9. O-O-O b5 10. g4 Bb7 11.
Bg2 e5 12. Nf5 g6 13. Ne3 Be7 14. Bg3 Rc8 15. h4 Qa5 16. Kb1 Rxc3 17. bxc3 Nc5 18.
f3 Qa3 19. Rd3 Nxd3 20. Qxd3 O-O 21. c4 Qa5 22. cxb5 axb5 23. Be1 Qa7 24. Bb4 Ra8 25.
a3 Bc6 26. Rd1 d5 27. Bxe7 Qxe7 28. exd5 Rxa3 29. c3 Qc5 30. dxc6 Rxc3 31. Qd8+ Kg7 32. Qxf6+ Kxf6 33. Nd5+ Ke6 34. Nxc3 Qxc3 35. Rc1 Qb4+ 36.
Kc2 Kd6 37. f4 Qc4+ 38. Kb2 Qb4+ 39. Ka2 Qd2+ 40. Kb1 Qxg2 41. c7 Qe4+ 42. Kb2 Qb4+ 0-1

[Event "*** Qualifier 3: Titled Tuesday 3|2 Blitz"]
[Site "Chess.com"]
[Date "2017.04.18"]
[Round "9"]
[White "TenisMaster"]
[Black "penguingm1"]
[Result "1-0"]
[WhiteElo "2668"]
[BlackElo "2568"]
[TimeControl "180+2"]
[EndTime "14:59:23 PDT"]
[Termination "TenisMaster won by resignation"]

1. e4 e5 2. Nf3 Nc6 3. Bb5 a6 4. Ba4 Nf6 5. O-O Be7 6. d3 b5 7. Bb3 d6 8. a4 b4 9. c3 O-O 10. Nbd2 Rb8 11. Bc2 Be6 12. Re1 h6 13. h3 Na5 14. d4 c5 15. d5 Bd7 16. Bd3 bxc3 17. bxc3 Qc8 18. Qe2 Rb6 19. Nc4 Nxc4 20. Bxc4 a5 21. Nd2 Qb7 22. Bd3 Qa7 23. Nc4 Rb7 24. Qd1 Rfb8 25. Na3 Nh7 26. Bb5 Bg5 27.
Qd3 Bxc1 28. Rexc1 Nf8 29. Rab1 g6 30. Rb3 Bc8 31.
Nc4 Bd7 32. Nxd6 Rb6 33. Nc4 Bxb5 34. Rxb5 Rxb5 35. axb5 Rxb5 36. Nxe5 Qb8 37. Nc6 Qb6 38. e5 a4 39. Ra1 c4 40. Qxc4 Rc5 41. Qxa4 Rxc3 42.
Qf4 Qc5 43. Qf6 Rc2 44. Ne7+ Kh7 45. Qxf7+ 1-0

[Event "*** Qualifier 3: Titled Tuesday 3|2 Blitz"]
[Site "Chess.com"]
[Date "2017.04.18"]
[Round "9"]
[White "Lupul_Cenusiu"]
[Black "ka1ser64"]
[Result "1-0"]
[WhiteElo "2455"]
[BlackElo "2341"]
[TimeControl "180+2"]
[EndTime "14:59:26 PDT"]
[Termination "Lupul_Cenusiu won by resignation"]

1. Nf3 d5 2. g3 Nf6 3. Bg2 e6 4.
O-O Be7 5. d3 O-O 6. Nbd2 c5 7.
e4 Nc6 8. Re1 b5 9. c3 a5 10. e5 Nd7 11. Nf1 a4 12. h4 b4 13.
cxb4 a3 14. b3 Nxb4 15. N1h2 Ba6 16. Bf1 Bb5 17. Ng4 Ra6 18. Bf4 d4 19. Ng5 Nd5 20.
Bd2 Nc3 21. Bxc3 dxc3 22. Ne4 h5 23. Ne3 Nxe5 24. Qxh5 Ng6 25. Nxc3 Bc6 26. Rac1 Ra5 27.
Nc4 Ra8 28. Rcd1 Qd4 29. Ne4 Rfd8 30. Bg2 Rac8 31. Qe2 Bb5 32. h5 Ne5 33. Nxe5 Qxe5 34.
Qe3 Rd4 35. Nc3 Qxe3 36. fxe3 Rb4 37. Nxb5 Rxb5 38. Rc1 Rb6 39. Rc4 Rd8 40. Bf1 Rb4 41. Rec1 Rd5 42. Be2 Bg5 43. Kf2 Rf5+ 44. Bf3 Rb5 45. Ra4 Re5 46. e4 Rb4 47. Rc3 f5 48. Ke2 Bf6 49. Rc4 fxe4 50. dxe4 Rg5 51. g4 Be7 52. Rxa3 Rb7 53. Ra6 Kf7 54. Rca4 g6 55.
hxg6+ Rxg6 56. Ra7 Rxa7 57. Rxa7 Rh6 58. Bg2 Rh2 59. Kf3 Kf8 60. a4 Rh7 61. a5 Kf7 62. a6 Rh8 63. Rb7 Ra8 64. a7 Ke8 65.
Rb8+ 1-0

[Event "*** Qualifier 3: Titled Tuesday 3|2 Blitz"]
[Site "Chess.com"]
[Date "2017.04.18"]
[Round "9"]
[White "Indianlad"]
[Black "jefferyx"]
[Result "0-1"]
[WhiteElo "2730"]
[BlackElo "2656"]
[TimeControl "180+2"]
[EndTime "14:59:36 PDT"]
[Termination "jefferyx won by checkmate"]

1. Nf3 c5 2. g3 b6 3. Bg2 Bb7 4.
O-O g6 5. a4 Bg7 6. a5 Nf6 7.
axb6 axb6 8. Rxa8 Bxa8 9. d4 cxd4 10. Qxd4 d6 11. Nc3 O-O 12. Qh4 Nbd7 13. Bh6 Bxh6 14. Qxh6 Bxf3 15. Bxf3 Qc7 16. Bg2 b5 17. Qd2 Rc8 18. Rc1 Qc5 19. Nd5 Nxd5 20. Bxd5 Nf6 21. Bf3 d5 22. c3 b4 23. Qf4 d4 24. c4 Kg7 25. g4 e5 26. Qg3 h6 27. h4 g5 28. hxg5 hxg5 29. b3 e4 30. Bg2 Ra8 31. Rd1 Ra2 32. Bf1 Rc2 33. Ra1 Rc3 34. Qb8 d3 35. e3 d2 36. Qd8 Rc1 37. Ra6 Nxg4 38. Qxd2 Qe5 39. Qd6 Qxd6 40. Rxd6 Ne5 41. Kg2 Nf3 42.
Be2 Rg1+ 43. Kh3 g4# 0-1

[Event "*** Qualifier 3: Titled Tuesday 3|2 Blitz"]
[Site "Chess.com"]
[Date "2017.04.18"]
[Round "9"]
[White "Roachelley"]
[Black "BogdanDeac"]
[Result "0-1"]
[WhiteElo "2169"]
[BlackElo "2550"]
[TimeControl "180+2"]
[EndTime "14:59:37 PDT"]
[Termination "BogdanDeac won by resignation"]

1. d4 Nf6 2. c4 g6 3. Nc3 d5 4. Nf3 Bg7 5. Qb3 c6 6. Bg5 dxc4 7.
Qxc4 Be6 8. Qd3 h6 9. Bh4 O-O 10. e3 Qb6 11. Qd2 Nbd7 12. Bd3 c5 13. O-O cxd4 14. Nxd4 Nc5 15. Nxe6 Qxe6 16. Bc2 Rfd8 17. Qe2 Nd5 18. Nxd5 Rxd5 19. Rad1 g5 20. Bg3 Rxd1 21.
Rxd1 Bxb2 22. Qb5 Qb6 23. Qc4 Bg7 24. h4 Qc6 25. hxg5 hxg5 26. Qg4 Qf6 27. Rd5 Ne6 28. Rf5 Qa1+ 29. Kh2 Rc8 30. Bb3 Rc1 31. Bb8 Rh1+ 32.
Kg3 Bf6 33. Bxe6 fxe6 34. Rf3 Kf7 35. Qxg5 Qg1 36. Kg4 Qxg2+ 37. Rg3 Qxg3+ 38. Kxg3 Bxg5 0-1

[Event "*** Qualifier 3: Titled Tuesday 3|2 Blitz"]
[Site "Chess.com"]
[Date "2017.04.18"]
[Round "9"]
[White "djogrodek1"]
[Black "proxy6"]
[Result "1-0"]
[WhiteElo "2425"]
[BlackElo "2220"]
[TimeControl "180+2"]
[EndTime "14:59:40 PDT"]
[Termination "djogrodek1 won by resignation"]

1. c4 e5 2. g3 Nc6 3. Nc3 Bc5 4.
Bg2 a6 5. e3 d6 6. b3 Ba7 7. Bb2 Nf6 8. Nge2 O-O 9. O-O Bf5 10.
d4 Qd7 11. Nd5 Ne8 12. Re1 Bh3 13. Bh1 Rd8 14. Qd2 f5 15. Rad1 e4 16. b4 Ne7 17.
Nxe7+ Qxe7 18. d5 g5 19. Qc3 Ng7 20. Nd4 Bxd4 21. Qxd4 Rf7 22. c5 Rdf8 23. Rc1 Rf6 24. cxd6 Rxd6 25. Bg2 Bxg2 26. Kxg2 c6 27. Rc5 Rfd8 28.
Qxg7+ Qxg7 29. Bxg7 Kxg7 30. dxc6 Rxc6 31. Rxf5 Kg6 32. Rc5 Rxc5 33. bxc5 Rd2 34. Rb1 Rxa2 35. Rb6+ Kf5 36. Rxb7 Rc2 37. Ra7 Rxc5 38. Rxa6 h5 39. Rh6 h4 40. gxh4 gxh4 41. Rh5+ 1-0